 Dungeon Crawl Stone Soup version 0.16-a0-286-g6bac339 (webtiles) character file.

86 Kashira the Shooter (level 4, 0/35 HPs)
             Began as a Centaur Hunter on Aug 28, 2014.
             Was an Initiate of Okawaru.
             Slain by a hound (1 damage)
             ... on Level 4 of the Dungeon.
             The game lasted 00:12:42 (1727 turns).

Kashira the Shooter (Centaur Hunter)                Turns: 1727, Time: 00:12:42

HP   0/35        AC  4     Str 15      XL: 4   Next: 27%
MP   3/3         EV  9     Int 10      God: Okawaru [......]
Gold 120         SH  0     Dex 10      Spells:  0 memorised,  3 levels left

rFire  . . .     SeeInvis .     m - +1 dagger (holy)
rCold  . . .     Clarity  .     d - +0 leather armour
rNeg   . . .     rCorr    .     (no shield)
rPois  .         rRot     .     (no helmet)
rElec  .         Spirit   .     (no cloak)
SustAb .         Warding  .     (no gloves)
rMut   .         Stasis   .     (no barding)
Gourm  .                        (no amulet)
MR     .....                    (no ring)
                                (no ring)

@: very quick, not resistant to hostile enchantments, very unstealthy
A: hooves 3, deformed body, speed 2, tough skin 3
a: Renounce Religion


You were on level 4 of the Dungeon.
You worshipped Okawaru.
Okawaru was noncommittal.
You were very hungry.

You visited 1 branch of the dungeon, and saw 4 of its levels.

You collected 120 gold pieces.

Inventory:

Hand weapons
 b - a +1 shortbow
 m - a +1 dagger of holy wrath (weapon)
 o - a +0 dagger of speed
 p - a +0 spear of piercing
Missiles
 c - 21 arrows
 h - 9 steel sling bullets
 l - 13 sling bullets
Armour
 d - a +0 leather armour (worn)
Comestibles
 f - 5 bread rations
 k - 2 beef jerkies
 n - a meat ration
Scrolls
 e - a scroll of remove curse
 g - a scroll of magic mapping
 i - 2 scrolls of identify
Potions
 q - a potion of degeneration {unknown}


   Skills:
 + Level 1.0 Fighting
 + Level 0.5 Short Blades
 + Level 7.1 Bows
 + Level 0.5 Armour
 + Level 1.6 Dodging
 + Level 0.5 Stealth


You had 3 spell levels left.
You didn't know any spells.

Dungeon Overview and Level Annotations

Branches:
Dungeon (4/15)
 Temple: D:4-7

Altars:
Ashenzari
Okawaru

Annotations:
D:4 Edmund


Innate Abilities, Weirdness & Mutations

You have hooves in place of feet.
Armour fits poorly on your strangely shaped body.
You cover ground very quickly.
You have extremely tough skin (AC +3).


Message History

As you read the scroll labeled QIPAPTE REPNIA, it crumbles to dust.
You feel blessed for a moment.
It was a scroll of remove curse.
The hound bites you but does no damage.
Read which item? (? for menu, Esc to quit)
Okay, then.
Drink which item? (? for menu, Esc to quit)
You feel refreshed.
It was a potion of restore abilities.
The hound bites you but does no damage. The hound bites you.
* * * LOW HITPOINT WARNING * * *
Wield which item (- for none, * to show all)? (? for menu, Esc to quit)
It softly glows with a divine radiance!
m - a +1 dagger of holy wrath (weapon)
The hound completely misses you.
You hit the hound but do no damage. Your kick misses the hound.
The hound is severely wounded.
The hound closely misses you. The ogre barely misses you.
You hit the ogre but do no damage. You kick the ogre!
The ogre is moderately wounded.
The hound bites you.
You die...

###...###.
##....##
*#
##...###
##...##
###..###
##@s.##
##.(###
##O.##
#@h## ####


You could see Edmund, an ogre, a hound and a giant cockroach.

Vanquished Creatures
  3 adders
  A giant mite (D:2)
  A worm (D:2)
  2 orcs (D:3)
  8 goblins
  7 hobgoblins
  4 kobolds
  A ball python (D:1)
  6 bats
  3 giant cockroaches
  4 giant geckos
  2 giant newts
  4 rats
46 creatures vanquished.

Notes
Turn   | Place    | Note
--------------------------------------------------------------
     0 | D:1      | Kashira, the Centaur Hunter, began the quest for the Orb.
     0 | D:1      | Reached XP level 1. HP: 16/16 MP: 1/1
     1 | D:1      | Noticed an electric eel
   297 | D:1      | Reached XP level 2. HP: 23/23 MP: 2/2
   399 | D:1      | Reached skill level 6 in Bows
   743 | D:1      | Reached XP level 3. HP: 28/28 MP: 3/3
   781 | D:2      | Found an iron altar of Okawaru.
   795 | D:2      | Became a worshipper of Warmaster Okawaru
  1178 | D:3      | Reached XP level 4. HP: 28/35 MP: 3/3
  1212 | D:3      | Found a shattered altar of Ashenzari.
  1424 | D:3      | Reached skill level 7 in Bows
  1665 | D:4      | Noticed Edmund
  1701 | D:4      | Noticed an ogre
  1723 | D:4      | HP: 1/35 [hound (3)]
  1727 | D:4      | Slain by a hound

Action                   |  1- 3 |  4- 6 || total
-------------------------+-------+-------++-------
Melee: Short sword       |    19 |       ||    19
       Dagger            |    11 |    21 ||    32
 Fire: Shortbow          |    95 |    32 ||   127
  Use: Scroll            |     1 |     4 ||     5
       Potion            |       |     3 ||     3
